cohdb
Replays
Latest Replays
All Replays
Popular Replays
Top Player Replays
Match Explorer
How It Works
Community
CoH3 Stats
Reddit
Sign in to upload your games and track your stats! →
Sign in with Steam
Match 40809961
Unlisted
Match 40809961
Overview
Messages
Build Orders
End
Construct Infanterie Kompanie
Grenadier Squad
MG 42 Machine Gun Team
Selects Breakthrough Battlegroup
Selects Assault Grenadiers
Grenadier Squad
MG 42 Machine Gun Team
Construct Luftwaffe Kompanie
GrW 34 Mortar Team
Medical Bunker
Selects Rapid Production
Support Elements
Wirbelwind Flakpanzer
Marder III M Tank Destroyer
Jäger Squad
Construct Panzergrenadier Kompanie
MG 42 Bunker
Marder III M Tank Destroyer
Nebelwerfer 42 Rocket Launcher Team
Panzergrenadier Squad
Selects Blitzkrieg
Medical Bunker
Wirbelwind Flakpanzer
Pak 40 Anti-tank Gun Team
Selects Tiger Heavy Tank
Selects Tiger Heavy Tank
Tiger Heavy Tank
Nebelwerfer 42 Rocket Launcher Team
Jäger Squad
Pioneer Squad
AI Takeover
Steiner
CptBigDaddySexi69
matjouz
Sarmynation
0
0
Comments
sign in to comment!
No comments posted yet!